General information
- name: BNet
- type: Ladder team game (AT/RT)
- host: Battle.net
- saver: Zephyd
map: TwistedMeadows
- players: 4
- length: 19:56
- speed: Fast
- version: 1.23 W3XP
- replay type: Public
» download(106 KB)
Players
team 1 (loser)
shArAh0evA (
green | 66 APM | 1317 actions | 19:56)
4 Far Seer
2 Feral Spirit
2 Chain Lighting
» actions
| Assign group hotkey | 22 | |
| Basic commands | 2 | |
| Build / train | 29 | |
| ESC pressed | 7 | |
| Enter build submenu | 43 | |
| Enter hero's abilities submenu | 4 | |
| Give item / drop item | 1 | |
| Right click | 801 | |
| Select / deselect | 323 | |
| Select group hotkey | 2 | |
| Use ability | 83 | |
1317 total
» units
» upgrades
» buildings
| Altar of Storms | 2 | |
| Orc Burrow | 4 | |
| War Mill | 2 | |
| Voodoo Lounge | 1 | |
| Watch Tower | 22 | |
| Barracks | 2 | |
| Stronghold | 1 | |
| Great Hall | 2 | |
36 total
» build order
00:12 Altar of Storms
00:21 Orc Burrow
00:47 War Mill
01:58 Voodoo Lounge
02:03 Watch Tower
02:25 Watch Tower
03:03 Watch Tower
03:27 Watch Tower
03:30 Watch Tower
04:12 Watch Tower
04:20 Watch Tower
04:40 Watch Tower
04:57 Watch Tower
05:04 Watch Tower
05:20 Orc Burrow
05:56 Watch Tower
06:29 Barracks
06:35 Watch Tower
06:45 Watch Tower
07:15 Stronghold
07:42 Barracks
08:22 Watch Tower
08:40 Watch Tower
08:48 Watch Tower
08:56 Watch Tower
09:48 Watch Tower
10:11 Watch Tower
10:15 Watch Tower
10:19 Watch Tower
11:04 Watch Tower
12:01 War Mill
13:25 Orc Burrow
14:28 Great Hall
14:39 Altar of Storms
15:52 Orc Burrow
17:50 Great Hall
» items
| Healing Salve | 1 | |
| Scroll of Speed | 1 | |
| Lesser Clarity Potion | 1 | |
3 total
Zephyd (
blue | 162 APM | 3222 actions | 19:56)
5 Dark Ranger
3 Black Arrow
2 Silence
» actions
| Assign group hotkey | 426 | |
| Basic commands | 28 | |
| Build / train | 63 | |
| ESC pressed | 4 | |
| Enter build submenu | 16 | |
| Enter hero's abilities submenu | 5 | |
| Give item / drop item | 1 | |
| Remove unit from queue | 4 | |
| Right click | 1836 | |
| Select / deselect | 347 | |
| Select group hotkey | 423 | |
| Use ability | 69 | |
3222 total
» units
| Wisp | 11 | |
| Archer | 13 | |
| Glaive Thrower | 3 | |
| Druid of the Talon | 8 | |
| Huntress | 1 | |
| Hippogryph | 2 | |
| Dryad | 2 | |
| Druid of the Claw | 2 | |
42 total
» upgrades
| Improved Bows | 1 | |
| Druid of the Talon Training | 2 | |
| Druid of the Claw Training | 2 | |
| Hippogryph Taming | 1 | |
6 total
» buildings
| Moon Well | 6 | |
| Ancient of War | 3 | |
| Altar of Elders | 1 | |
| Tree of Ages | 1 | |
| Hunter's Hall | 1 | |
| Ancient of Wind | 2 | |
| Tree of Eternity | 1 | |
| Ancient of Lore | 2 | |
17 total
» build order
00:03 Moon Well
00:35 Ancient of War
00:52 Altar of Elders
01:28 Moon Well
03:34 Tree of Ages
03:36 Moon Well
04:38 Ancient of War
05:11 Ancient of War
06:28 Hunter's Hall
07:15 Ancient of Wind
07:16 Ancient of Wind
07:17 Tree of Eternity
12:37 Ancient of Lore
12:42 Moon Well
13:37 Moon Well
16:29 Moon Well
19:18 Ancient of Lore
» items
team 2 (winner)

»
Ertai (
purple | 57 APM | 1131 actions | 19:56)
5 Dreadlord
2 Sleep
3 Vampiric Aura
» actions
| Assign group hotkey | 97 | |
| Basic commands | 33 | |
| Build / train | 68 | |
| Enter build submenu | 24 | |
| Enter hero's abilities submenu | 5 | |
| Give item / drop item | 1 | |
| Remove unit from queue | 1 | |
| Right click | 303 | |
| Select / deselect | 232 | |
| Select group hotkey | 292 | |
| Use ability | 75 | |
1131 total
» units
| Acolyte | 9 | |
| Ghoul | 5 | |
| Crypt Fiend | 16 | |
| Necromancer | 6 | |
| Obsidian Statue | 4 | |
40 total
» upgrades
| Burrow | 1 | |
| Web | 1 | |
| Necromancer Training | 1 | |
3 total
» buildings
| Crypt | 1 | |
| Altar of Darkness | 1 | |
| Ziggurat | 11 | |
| Tomb of Relics | 2 | |
| Graveyard | 1 | |
| Nerubian Tower | 2 | |
| Halls of the Dead | 1 | |
| Spirit Tower | 5 | |
| Temple of the Damned | 1 | |
| Slaughterhouse | 1 | |
26 total
» build order
00:10 Crypt
00:15 Altar of Darkness
00:35 Ziggurat
00:57 Tomb of Relics
01:14 Graveyard
01:47 Nerubian Tower
02:03 Ziggurat
05:18 Halls of the Dead
05:20 Spirit Tower
08:16 Ziggurat
09:31 Ziggurat
09:35 Ziggurat
09:36 Ziggurat
09:41 Tomb of Relics
10:02 Ziggurat
10:23 Ziggurat
10:36 Spirit Tower
10:47 Nerubian Tower
11:30 Spirit Tower
11:49 Spirit Tower
12:12 Ziggurat
12:33 Ziggurat
13:16 Ziggurat
13:55 Temple of the Damned
13:59 Spirit Tower
14:29 Slaughterhouse
» items
| Rod of Necromancy | 3 | |
| Sacrificial Skull | 3 | |
| Scroll of Town Portal | 2 | |
| Potion of Healing | 1 | |
| Potion of Lesser Invulnerability | 1 | |
10 total
Hei-kun (
teal | 53 APM | 1053 actions | 19:56)
6 Far Seer
3 Feral Spirit
2 Chain Lighting
1 Earth Quake
» actions
| Assign group hotkey | 24 | |
| Build / train | 30 | |
| Enter build submenu | 22 | |
| Enter hero's abilities submenu | 6 | |
| Remove unit from queue | 2 | |
| Right click | 564 | |
| Select / deselect | 188 | |
| Select group hotkey | 166 | |
| Use ability | 51 | |
1053 total
» units
» buildings
| Altar of Storms | 1 | |
| Orc Burrow | 6 | |
| Voodoo Lounge | 1 | |
| War Mill | 1 | |
| Stronghold | 1 | |
| Watch Tower | 6 | |
| Beastiary | 4 | |
| Great Hall | 1 | |
21 total
» build order
00:11 Altar of Storms
00:18 Orc Burrow
01:08 Voodoo Lounge
01:40 War Mill
01:53 Orc Burrow
03:18 Stronghold
03:22 Watch Tower
03:35 Watch Tower
04:57 Watch Tower
05:01 Watch Tower
05:19 Watch Tower
05:46 Beastiary
05:53 Beastiary
06:11 Watch Tower
06:31 Beastiary
06:45 Beastiary
08:43 Orc Burrow
08:47 Orc Burrow
16:17 Great Hall
17:00 Orc Burrow
17:06 Orc Burrow
» items
| Healing Salve | 1 | |
| Lesser Clarity Potion | 1 | |
2 total
Chat log
(19:19 / All) Ertai: GG
(19:20 / All) Hei-kun: GG